 Dungeon Crawl Stone Soup version 0.25-a0-290-g4a1327ee3a (webtiles) character file.

Game seed: 8788088896783612186, levelgen mode: classic

308 Borgoz the Cutter (level 6, -2/38 HPs)
             Began as a Kobold Gladiator on Dec 15, 2019.
             Killed from afar by an orc wizard (10 damage)
             ... with a magic dart
             ... on level 4 of the Dungeon.
             The game lasted 00:06:36 (4765 turns).

Borgoz the Cutter (Kobold Gladiator)                Turns: 4765, Time: 00:06:37

Health: -2/38      AC:  5    Str: 13    XL:     6   Next: 68%
Magic:  7/7        EV: 16    Int: 10    God:
Gold:   188        SH:  4    Dex: 16    Spells: 3/7 levels left

rFire    . . .     SeeInvis .   a - +0 rapier
rCold    . . .     Gourm    .   r - +0 buckler
rNeg     . . .     Faith    .   b - +0 leather armour
rPois    .         Spirit   .   c - +0 helmet
rElec    .         Reflect  .   (no cloak)
rCorr    .         Harm     .   m - +0 pair of gloves
MR       +....                  (no boots)
Stlth    ++........             h - amulet of the acrobat
HPRegen  0.12/turn              k - ring of protection from magic
MPRegen  0.10/turn              (no ring)

@: no status effects
A: small, carnivore
a: no special abilities


You were on level 4 of the Dungeon.
You were completely stuffed.

You visited 1 branch of the dungeon, and saw 5 of its levels.

You collected 188 gold pieces.

Inventory:

Hand Weapons
 a - a +0 rapier (weapon)
Missiles
 d - 3 throwing nets (quivered)
Armour
 b - a +0 leather armour (worn)
 c - a +0 helmet (worn)
 m - a +0 pair of gloves (worn)
 r - a +0 buckler (worn)
Jewellery
 h - an amulet of the acrobat (around neck)
 k - a ring of protection from magic (left hand)
Scrolls
 j - a scroll of noise {unknown}
 l - 3 scrolls of remove curse
 n - 3 scrolls of identify
 o - a scroll of enchant armour {unknown}
 p - a scroll of teleportation
 q - a scroll of amnesia {unknown}
Potions
 e - a potion of lignification
 g - a potion of agility
 i - a potion of brilliance
Comestibles
 f - 10 rations


   Skills:
 * Level 3.7 Fighting
 * Level 5.4 Short Blades
 - Level 2.1 Throwing
 * Level 2.0 Armour
 * Level 5.0 Dodging
 + Level 2.2 Stealth
 + Level 0.0 Shields
 + Level 1.0 Spellcasting
 + Level 0.6 Hexes


You had 3 spell levels left.
You knew the following spells:

 Your Spells              Type           Power        Failure   Level  Hunger
a - Confusing Touch       Hex            #.....       50%         1    ##.....
b - Confuse               Hex            #.......     86%         3    ####...

Your spell library contained the following spells:

 Spells                   Type           Power        Failure   Level  Hunger
 Gell's Gravitas          Tloc           #.........   91%         3    ####...
 Petrify                  Tmut/Erth      #.......     100%        4    #####..
 Metabolic Englaciation   Hex/Ice        #.........   100%        5    ######.
 Yara's Violent Unravell  Hex/Tmut       #.........   100%        5    ######.


Dungeon Overview and Level Annotations

Branches:
Dungeon (5/15)
 Temple: D:4-7

Altars:
Wu Jian

Annotations:
D:5 Dowan, Duvessa


Innate Abilities, Weirdness & Mutations

You are small and have problems with some larger weapons.
You are carnivorous and can eat meat at any time.


Message History

You completely miss the leopard gecko.
The leopard gecko is almost dead.
You block the leopard gecko's attack.
You hit the leopard gecko.
You kill the leopard gecko!
You closely miss the orc wizard.
The orc wizard is heavily wounded.
The orc wizard gestures at you while chanting.
The magic dart hits you.
* * * LOW HITPOINT WARNING * * *
You hit the orc wizard.
The orc wizard is severely wounded.
The orc wizard hits you with a +0 dagger.
* * * LOW HITPOINT WARNING * * *
The orc wizard misses you.
You hit the orc wizard but do no damage.
The orc wizard is severely wounded.
The orc wizard gestures at you while chanting.
The magic dart hits you!
You die...

*,,,,,*,,,,,,*****,*,****,*######
,,,,,,,,,,,.........,.,,,,,,.....
*,,,,,*,,,*#.......#.#****,*###.#
*******,,,*#......>#.*****,**##.#
######,,,*#........,,,,,,,,,,..#
##....,,,,*#.......#,***##*,*##.#
#####**,,,*#.......#,,,,,........
##_###*,,**#...)$†.#******#..##.#
8...8#*,,* ***##@###########.##.#
.....##,,* #.o................
.....8#,** ##.#.##########.#.#
.....##.* #.#.# #.#.#
8...8##.########.#.##########..÷#
.....##.........................#
.....8#.......##.#.###########.##
.....##.......##.#.# #........
8...8##.......##.#.# #.#####.#


You could see an orc wizard.

Vanquished Creatures
  A crimson imp (D:4)
  A centaur zombie (D:2)
  A bullfrog skeleton (D:4)
  A centaur skeleton (D:3)
  A worker ant (D:4)
  4 adders
  An ooze (D:1)
  5 worms
  3 dart slugs
  5 leopard geckos
  10 orcs
  5 giant cockroaches
  12 goblins
  7 hobgoblins
  7 jackals
  3 ball pythons
  7 bats
  5 frilled lizards
  3 kobolds
  10 rats
92 creatures vanquished.

Notes
Turn   | Place    | Note
-------+----------+-------------------------------------------
     0 | D:1      | Borgoz the Kobold Gladiator began the quest for the Orb.
     0 | D:1      | Reached XP level 1. HP: 12/12 MP: 1/1
     2 | D:1      | Noticed a dwarf
     2 | D:1      | Noticed a demonspawn
     4 | D:1      | Noticed a naga
     4 | D:1      | Noticed a formicid
     6 | D:1      | Noticed a felid
     6 | D:1      | Noticed an octopode
     8 | D:1      | Noticed a troll
    10 | D:1      | Noticed a demigod
    12 | D:1      | Noticed a spriggan
    12 | D:1      | Noticed a gargoyle
    14 | D:1      | Noticed a tengu
    14 | D:1      | Noticed a minotaur
    16 | D:1      | Noticed a centaur
    16 | D:1      | Noticed a vampire
    18 | D:1      | Noticed a draconian
    20 | D:1      | Noticed a ghoul
    20 | D:1      | Noticed a merfolk
    22 | D:1      | Noticed a vine stalker
    22 | D:1      | Noticed an elf
    24 | D:1      | Noticed a halfling
    26 | D:1      | Noticed a human
    26 | D:1      | Noticed an ogre
   178 | D:1      | Reached XP level 2. HP: 18/18 MP: 2/2
   422 | D:1      | Reached XP level 3. HP: 22/22 MP: 3/3
   705 | D:1      | Reached skill level 1 in Stealth
  1241 | D:2      | Reached skill level 1 in Armour
  1281 | D:2      | Reached XP level 4. HP: 9/27 MP: 4/4
  2142 | D:3      | Reached XP level 5. HP: 27/32 MP: 5/5
  2911 | D:3      | Reached skill level 5 in Short Blades
  3176 | D:3      | Found a faded altar of an unknown god.
  3412 | D:3      | You fall into a shaft and drop 2 floors!
  3412 | D:5      | Entered Level 5 of the Dungeon
  3452 | D:5      | Learned a level 1 spell: Confusing Touch
  3456 | D:5      | Learned a level 3 spell: Confuse
  3475 | D:4      | Found an ornate altar of the Wu Jian Council.
  3501 | D:5      | Noticed Dowan
  3502 | D:5      | Noticed Duvessa
  3623 | D:4      | Reached XP level 6. HP: 37/37 MP: 6/6
  3933 | D:3      | Reached skill level 5 in Dodging
  4742 | D:4      | Reached skill level 1 in Spellcasting
  4765 | D:4      | Killed from afar by an orc wizard

Levels and vault maps discovered:
D:1:      kb_arrival_jail, layout_basic
D:2:      layout_basic, first_ration
D:3:      layout_loops_corners, chequers_ecumenical_altar_lobes
D:4:      layout_basic, nicolae_overflow_hidden_temple
D:5:      layout_cave_pools, uniq_menkaure, uniq_duvessa, uniq_eustachio

Skill      XL: |  1  2  3  4  5  6 |
---------------+-------------------+-----
Dodging        | 4 5 |  5.0
Stealth        | 1 2 |  2.2
Armour         | 1 2 |  2.0
Fighting       | 3 |  3.7
Short Blades   | 5 |  5.4
Spellcasting   | 1 |  1.0
Throwing       | |  2.1
Hexes          | |  0.6

Action                   |  1- 3 |  4- 6 || total
-------------------------+-------+-------++-------
Melee: Rapier            |   118 |   288 ||   406
  Use: Scroll            |     1 |     7 ||     8
       Potion            |       |     1 ||     1
 Stab: Sleeping          |     4 |     2 ||     6
  Eat: Chunk             |    10 |    11 ||    21
Armor: Leather armour    |    25 |    44 ||    69
       Skin              |       |    11 ||    11
Dodge: Dodged            |   100 |   212 ||   312
Block: Buckler           |       |     5 ||     5

Table legend:
 A = Non-vault XP
 B = Vault XP
 C = Vault XP percentage of total XP
 D = Non-vault monster count
 E = Vault monster count
 F = Vault count percentage of total count
                 A         B        C        D         E       F
            +---------+---------+-------+---------+---------+-------
      Total |     441 |       0 |   0.0 |      92 |       0 |   0.0
            +---------+---------+-------+---------+---------+-------
        D:1 |      53 |       0 |   0.0 |      30 |       0 |   0.0
        D:2 |      89 |       0 |   0.0 |      20 |       0 |   0.0
        D:3 |     127 |       0 |   0.0 |      25 |       0 |   0.0
        D:4 |     170 |       0 |   0.0 |      16 |       0 |   0.0
        D:5 |       2 |       0 |   0.0 |       1 |       0 |   0.0
            +---------+---------+-------+---------+---------+-------
